Map: Costas tropicales

Players

MrFercho - Winner!

  • Race: Terran Terran
  • Spawn Location: 0:00

tigro

  • Race: Terran Terran
  • Spawn Location: 5:00

VOD

Have the link to the VOD?

Description

Time

  • Played on: Sept. 30, 2018, 10:38 p.m.
  • Length: 33:10
Show
View Real Time Build Order
Export as new Build Order

MrFercho Terran - Winner!

Build Orders:  

Get SALT Encoding   

  12  0:03  SCV  
  13  0:15  SCV  
  14  0:27  SCV  
  15  0:33  Refinery  
  15  0:46  Supply Depot  
  15  1:08  SCV  
  16  1:20  SCV  
  16  1:21  Supply Depot  
  17  1:32  SCV  
  18  1:44  Supply Depot, SCV  
  19  1:56  SCV, Refinery  
  20  2:06  Supply Depot  
  20  2:08  SCV  
  21  2:20  SCV  
  22  2:32  SCV  
  23  2:38  Barracks  
  23  2:45  SCV  
  24  3:26  SCV  
  25  3:27  Barracks  
  25  3:38  SCV  
  25  3:40  Command Center  
  26  3:50  SCV  
  27  4:02  SCV  
  28  4:05  Command Center  
  28  4:14  SCV  
  28  4:16  Barracks  
  29  4:26  Barracks Tech Lab x2  
  29  4:34  Orbital Command  
  29  4:54  Refinery  
  29  5:03  Engineering Bay  
  29  5:05  Barracks  
  29  5:14  Supply Depot  
  29  5:16  SCV  
  29  5:18  Refinery  
  29  5:19  Refinery  
  30  5:25  SCV  
  31  5:29  Engineering Bay, SCV  
  32  5:38  Supply Depot, Barracks Tech Lab, SCV  
  32  5:41  SCV  
  34  5:44  Refinery  
  34  5:54  Engineering Bay  
  34  6:01  Supply Depot  
  34  6:08  Factory  
  34  6:24  Supply Depot  
  34  6:38  Terran Infantry Weapons Level 1  
  34  6:39  Terran Infantry Armor Level 1  
  34  6:41  Neosteel Armor  
  34  6:45  Ghost Academy  
  34  6:46  Supply Depot  
  34  6:49  Engineering Bay  
  34  6:52  Barracks Tech Lab  
  34  6:53  Factory  
  34  7:01  Marauder x2  
  38  7:02  Marauder  
  40  7:08  Supply Depot  
  40  7:15  SCV  
  40  7:22  Marine x2  
  43  7:23  Reaper  
  43  7:27  SCV  
  45  7:34  SCV  
  46  7:39  Factory  
  46  7:40  Reaper, SCV  
  48  7:46  SCV  
  49  7:52  SCV  
  50  7:58  SCV  
  50  8:04  SCV  
  52  8:11  SCV  
  53  8:21  Starport, Neosteel Frame  
  53  8:23  SCV  
  53  8:25  Factory  
  54  8:28  Orbital Command  
  54  8:36  Orbital Command  
  54  8:58  SCV  
  54  8:59  Starport  
  55  9:05  Factory Tech Lab x2  
  55  9:06  Factory Tech Lab  
  55  9:10  SCV  
  56  9:21  Armory  
  56  9:22  Factory Tech Lab, SCV  
  57  9:30  Siege Tank  
  60  9:32  Cyclone  
  60  9:34  SCV  
  60  9:37  Starport  
  64  9:46  SCV  
  64  9:47  Marauder  
  64  9:48  Marauder, Reaper x2  
  71  9:58  Hi-Sec Auto Tracking  
  71  10:08  Reaper  
  71  10:10  Armory  
  72  10:15  Starport  
  72  10:25  Fusion Core  
  72  10:30  Ghost Academy  
  72  10:53  SCV  
  73  10:59  Armory  
  73  11:01  Ghost Academy  
  73  11:05  SCV  
  74  11:17  SCV  
  75  11:23  Missile Turret  
  75  11:29  SCV  
  75  11:30  Ghost Academy  
  76  11:37  Starport Tech Lab x2  
  76  11:38  Starport Tech Lab x2  
  76  11:41  SCV  
  76  11:45  Terran Infantry Weapons Level 2, Missile Turret  
  76  11:46  Terran Infantry Armor Level 2  
  77  11:47  Armory  
  77  11:53  Terran Ship Weapons Level 1, Terran Vehicle Weapons Level 1  
  77  11:58  Terran Vehicle And Ship Armor Level 1  
  77  12:08  Missile Turret  
  77  12:30  Missile Turret  
  77  12:31  Ghost Academy  
  77  12:54  Missile Turret  
  77  12:55  Weapon Refit  
  77  13:01  Sensor Tower  
  77  13:02  Ghost Academy  
  77  13:16  Missile Turret  
  77  13:21  Marauder  
  77  13:22  Marauder, Marine x2  
  83  13:33  Battlecruiser  
  83  13:34  Battlecruiser x3  
  107  13:39  Marine  
  107  13:40  Marine  
  109  13:41  Missile Turret  
  109  13:46  Sensor Tower  
  109  14:05  Missile Turret  
  109  14:13  Sensor Tower  
  109  14:24  Command Center  
  109  14:29  Missile Turret  
  109  14:34  Missile Turret  
  109  14:36  Sensor Tower  
  109  14:37  Viking  
  109  14:38  Viking x3  
  117  15:01  Missile Turret  
  117  15:06  Sensor Tower  
  117  15:07  Banshee x2, Refinery  
  123  15:22  Command Center  
  123  15:23  Missile Turret  
  123  15:28  Command Center  
  123  15:33  Liberator x2, Refinery  
  123  15:35  Banshee x2  
  129  15:49  Missile Turret  
  129  15:54  Supply Depot  
  129  15:56  Supply Depot, Refinery  
  129  15:57  Supply Depot x2  
  135  15:58  Supply Depot, Refinery  
  135  15:59  Supply Depot  
  135  16:01  Refinery  
  135  16:04  Refinery  
  135  16:16  Missile Turret  
  135  16:18  Raven x2  
  138  16:55  Nuke x3  
  138  16:56  Nuke  
  138  17:04  Nuke x2  
  138  17:38  Personal Cloaking  
  138  17:41  SCV  
  139  17:51  Orbital Command  
  139  17:53  Orbital Command  
  139  18:03  Orbital Command  
  139  18:09  Terran Vehicle Weapons Level 2, Terran Ship Weapons Level 2  
  139  18:10  Terran Vehicle And Ship Armor Level 2  
  139  18:13  Terran Infantry Weapons Level 3  
  139  18:52  Marine  
  139  18:54  Marauder x3  
  146  19:00  Thor x2  
  146  19:01  Thor  
  146  19:02  Thor  
  170  19:10  Marine  
  170  19:14  Marine  
  170  19:15  Marine x2  
  174  19:43  Siege Tank  
  174  19:44  Cyclone, Siege Tank  
  174  19:45  Cyclone  
  186  20:11  Sensor Tower  
  186  20:32  Missile Turret  
  186  20:50  Terran Infantry Armor Level 3  
  186  20:54  Missile Turret  
  186  21:04  Rapid Reignition System  
  186  21:11  Combat Shield  
  186  21:12  Concussive Shells  
  186  21:16  Infernal Pre-Igniter, Rapid Fire Launchers  
  186  21:17  Smart Servos, Drilling Claws  
  186  21:20  Terran Ship Weapons Level 3  
  186  21:21  Terran Vehicle And Ship Armor Level 3, Terran Vehicle Weapons Level 3  
  186  21:33  Stimpack  
  186  21:52  Command Center  
  186  21:53  Refinery  
  186  21:57  Refinery  
  186  22:00  Corvid Reactor  
  186  22:08  Refinery  
  186  22:13  Refinery  
  186  22:18  Missile Turret  
  186  22:23  Medivac  
  186  22:24  Medivac  
  186  22:28  Banshee x2  
  196  22:44  Missile Turret  
  196  22:53  Banshee  
  199  23:14  Missile Turret  
  199  23:19  Cloaking Field  
  199  23:36  Missile Turret  
  199  24:38  Hyperflight Rotors  
  196  26:39  Advanced Ballistics  
  167  27:54  Ghost x2  
  167  27:55  Ghost x2  
  172  28:23  Ghost x2  
Show
View Real Time Build Order
Export as new Build Order

tigro Terran 

Build Orders:  

Get SALT Encoding   

  12  0:26  Refinery  
  12  0:29  SCV  
  13  0:41  SCV  
  14  0:44  Refinery  
  14  0:53  SCV  
  15  1:25  Supply Depot  
  15  1:46  SCV  
  16  1:47  Supply Depot  
  16  1:58  SCV  
  17  2:14  Barracks  
  17  2:15  SCV  
  18  2:27  SCV  
  19  2:44  SCV  
  20  2:56  SCV  
  21  3:08  SCV  
  22  3:14  Engineering Bay  
  22  3:31  Barracks  
  22  3:32  Barracks Tech Lab  
  22  3:58  Marauder  
  24  4:10  Supply Depot  
  24  4:17  Terran Infantry Weapons Level 1  
  24  4:19  Marauder  
  26  4:40  Marauder  
  26  4:44  Command Center  
  28  4:57  Supply Depot  
  28  4:59  Combat Shield  
  28  5:02  Marauder  
  28  5:04  Marine  
  31  5:16  SCV  
  32  5:22  Marine  
  32  5:23  Marauder  
  36  5:28  SCV  
  36  5:40  Marine, SCV  
  38  5:46  Missile Turret  
  38  5:52  SCV  
  39  5:57  Marine  
  40  6:04  SCV  
  40  6:05  Refinery  
  40  6:11  Terran Infantry Armor Level 1  
  41  6:15  Marine  
  42  6:21  Missile Turret  
  42  6:27  SCV  
  43  6:39  Stimpack, SCV  
  44  6:51  SCV  
  45  6:57  Barracks Reactor  
  45  7:03  SCV  
  46  7:15  SCV  
  47  7:21  Sensor Tower  
  47  7:32  Ghost Academy  
  47  7:58  Refinery  
  47  8:02  Bunker  
  47  8:04  Neosteel Frame  
  47  8:19  Concussive Shells  
  47  8:25  Planetary Fortress  
  47  8:27  Missile Turret  
  47  8:30  Orbital Command  
  47  8:41  Marine  
  48  8:56  Missile Turret  
  48  8:59  Marine  
  49  9:17  Marine  
  49  9:22  Factory  
  49  9:23  Hi-Sec Auto Tracking  
  50  9:34  Marine  
  51  9:52  Marine  
  52  9:57  Command Center  
  52  10:05  Marine x2  
  54  10:10  Ghost  
  56  10:20  Neosteel Armor  
  56  10:23  Marine x2  
  58  10:38  Ghost  
  58  10:40  Armory  
  58  10:41  Marine x2  
  62  10:59  Supply Depot  
  62  11:08  Marine x2  
  62  11:09  Marauder, SCV  
  67  11:21  SCV  
  67  11:22  Supply Depot  
  68  11:30  Marauder  
  70  11:52  Marauder  
  72  12:01  Refinery  
  72  12:07  Terran Vehicle Weapons Level 1  
  72  12:49  Factory Tech Lab  
  72  12:50  Starport  
  72  13:11  SCV  
  73  13:15  Bunker  
  73  13:16  Infernal Pre-Igniter  
  73  13:23  SCV  
  73  13:25  Terran Infantry Weapons Level 2  
  74  13:37  Starport Tech Lab  
  74  13:51  Command Center  
  74  13:57  SCV  
  74  14:01  Terran Vehicle And Ship Armor Level 1  
  75  14:09  SCV  
  76  14:18  Missile Turret  
  76  14:21  SCV  
  77  14:33  SCV  
  77  14:34  Rapid Fire Launchers  
  78  14:41  Fusion Core  
  79  14:45  SCV  
  79  15:08  Missile Turret  
  79  15:26  Missile Turret  
  79  15:41  Terran Infantry Armor Level 2  
  79  15:53  Smart Servos  
  79  15:55  Terran Ship Weapons Level 1, Refinery  
  79  16:02  Refinery  
  79  16:47  Siege Tank  
  82  16:58  Battlecruiser  
  88  17:11  Drilling Claws  
  88  17:19  Siege Tank  
  91  17:51  Siege Tank  
  94  18:02  Battlecruiser  
  100  18:11  Missile Turret  
  100  18:23  Siege Tank  
  103  18:35  Refinery  
  103  18:55  Siege Tank  
  106  19:09  Starport, SCV  
  107  19:21  SCV  
  108  19:34  Supply Depot  
  108  19:50  Planetary Fortress  
  108  19:56  Battlecruiser  
  114  20:05  Supply Depot  
  114  20:18  Starport Reactor  
  113  20:28  Supply Depot  
  111  21:00  Battlecruiser  
  117  21:06  Missile Turret  
  117  21:44  Viking x2  
  121  21:57  Supply Depot  
  121  22:04  Battlecruiser  
  127  22:14  Viking x2  
  131  22:21  Supply Depot  
  131  22:44  Viking x2  
  133  22:46  Supply Depot  
  135  23:04  SCV  
  136  23:08  Battlecruiser  
  142  23:14  Viking x2  
  142  23:16  SCV  
  147  23:28  SCV  
  147  23:33  Missile Turret  
  148  23:41  SCV  
  149  24:13  Battlecruiser  
  155  24:30  Refinery  
  155  24:49  Missile Turret  
  155  25:23  Refinery  
  155  25:25  Refinery  
  155  25:34  Supply Depot  
  155  25:36  Planetary Fortress  
  155  25:56  Medivac  
  157  26:03  Refinery  
  156  26:14  Missile Turret  
  153  26:26  Medivac  
  118  27:16  Marine  
  88  27:29  Viking  
  76  27:30  Viking  
  76  27:34  Marine  
  48  27:59  Viking  
  48  28:00  Viking  
  36  28:29  Viking  
Tags
 
Matchup
TvT
Race
Terran
Replay Pack
MrFercho
Add a new tag
Caveats
  • Supply blocks, unpowered buildings, or Contaminate may cause inaccurate times.
  • Supply counts are checked every 10 seconds.